 Dungeon Crawl Stone Soup version 0.27.0-1-g7a089689b8 (webtiles) character file.

Game seed: 5127292770619695191

35 agentchuck the Chucker (level 3, 0/27 HPs)
             Began as a Vampire Hunter on Aug 3, 2021.
             Succumbed to an adder's poison
             ... on level 2 of the Dungeon.
             The game lasted 00:02:00 (855 turns).

agentchuck the Chucker (Vampire Hunter)              Turns: 855, Time: 00:02:01

Health: 0/27       AC:  7    Str: 11    XL:     3   Next: 16%
Magic:  3/3        EV: 12    Int: 13    God:
Gold:   31         SH:  0    Dex: 15    Spells: 2/2 levels left

rFire    . . .     SeeInvis +   a - +0 short sword
rCold    . . .     Faith    .   (no shield)
rNeg     + . .     Spirit   .   b - +0 leather armour
rPois    .         Reflect  .   (no helmet)
rElec    .         Harm     .   (no cloak)
rCorr    .         Rampage  .   (no gloves)
Will     .....                  (no boots)
Stlth    ++........             (no amulet)
HPRegen  0.29/turn              O - +4 ring of protection
MPRegen  0.08/turn              N - ring of positive energy

@: lethally poisoned (0 -> -2), healing quickly
A: alive, fangs 3, see invisible, vampiric 2
a: Exsanguinate


You were on level 2 of the Dungeon.
You visited 1 branch of the dungeon, and saw 2 of its levels.

You collected 31 gold pieces.


Innate Abilities, Weirdness & Mutations

Your natural rate of healing is accelerated.
You have razor-sharp teeth.
You have supernaturally acute eyesight. (SInv)
You are afflicted with vampirism and can become a bat while bloodless.


   Skills:
 + Level 2.2 Fighting
 * Level 2.1 Short Blades
 - Level 3.2 Throwing
 - Level 2.1 Dodging
 + Level 2.7 Stealth


You had 2 spell levels left.
You didn't know any spells.
Your spell library contained the following spells:

 Spells                   Type           Power      Damage    Failure   Level
 Shock                    Conj/Air       0%         1d3       38%         1
 Swiftness                Air            0%         N/A       77%         3
 Airstrike                Air            0%         N/A       99%         4

Inventory:

Hand Weapons
 a - a +0 short sword (weapon)
Missiles
 c - 6 javelins
 g - 21 stones (quivered)
Armour
 b - a +0 leather armour (worn)
Jewellery
 N - a ring of positive energy (right hand)
 O - a +4 ring of protection (left hand)
Scrolls
 e - a scroll of identify {unknown}
 f - 3 scrolls of teleportation {unknown}
 k - a scroll of fog {unknown}
Potions
 h - a potion of mutation {unknown}
 i - a potion of curing {unknown}
 j - a potion of might {unknown}

Dungeon Overview and Level Annotations

Branches:
Dungeon (2/15)

Altars:

░░.......░ ░ ...
░░........░░ ░ ░...
░░......░...░ ░ ░...░
░░......░░...░░
░.░░...░░......░░░░...░
..░...░......░░ ░...░░
░w░░........░░ ░░...░
░░..░.......░░ ░...░░
...░░...@.░░ ░░...░
░░.g░....░░ ░...░░
░...░░..░░ ░░...░
░..w.░░ +...░ ░░░░░░
░░.░░ #..## #.###
.######.... ...........


You could see a worm.


Message History

Throw: throwing net {=f}
Press: ? - help, Shift-Dir - straight line, f/p - adder
Aim: an adder (almost dead, 42% to hit)
You throw a throwing net {=f}. The throwing net {=f} hits the adder.
The adder is caught in the net!
The adder is almost dead.
* * * LOW HITPOINT WARNING * * *
You feel sick.
The adder struggles against the net.
You completely miss the adder.
The adder is almost dead.
* * * LOW HITPOINT WARNING * * *
You feel sick.
The adder struggles against the net.
You completely miss the adder.
The adder is almost dead.
* * * LOW HITPOINT WARNING * * *
You feel sick.
The adder struggles against the net. x2
You hit the adder.
You kill the adder!
* * * LOW HITPOINT WARNING * * *
You feel sick.
Your Short Blades skill increases to level 2!
You have reached level 3!
Your experience leads to an increase in your attributes!
Increase (S)trength, (I)ntelligence, or (D)exterity?
You feel agile.
You can now turn into a vampire bat when bloodless.
Unknown command.
* * * LOW HITPOINT WARNING * * *
You feel sick.
You die...

Skill      XL: |  1  2 |
---------------+-------+-----
Stealth        | 2 |  2.7
Short Blades   | 1 2 |  2.1
Fighting       | 2 |  2.2
Throwing       | |  3.2
Dodging        | |  2.1

Action                   || total
-------------------------++-------
Melee: Short sword       ||    74
       Bite              ||     5
Throw: Throwing net      ||     2
 Stab: Sleeping          ||     6
Armor: Leather armour    ||    10
Dodge: Dodged            ||    41

Levels and vault maps discovered:
D:1:      kennysheep_arrival_forest, layout_loops_cross,
          hellmonk_ecumenical_altar_inner_sanctum, grunt_decor_resistance,
          grunt_decor_arrowhead
D:2:      minmay_razor_zed, layout_loops_ring, amcnicky_mini_corridor_feature,
          kennysheep_generic_room_8

Notes
Turn   | Place    | Note
-------+----------+-------------------------------------------
     0 | D:1      | agentchuck the Vampire Hunter began the quest for the Orb.
     0 | D:1      | Reached XP level 1. HP: 16/16 MP: 1/1
   224 | D:1      | Reached skill level 2 in Stealth
   258 | D:1      | Reached skill level 1 in Short Blades
   261 | D:1      | Reached skill level 2 in Fighting
   261 | D:1      | Reached XP level 2. HP: 22/22 MP: 2/2
   559 | D:1      | Found a faded altar of an unknown god.
   852 | D:2      | HP: 2/22 [poisoned by an adder]
   854 | D:2      | Reached skill level 2 in Short Blades
   854 | D:2      | Gained mutation: You are afflicted with vampirism and can
                  | become a bat while bloodless. [Vampire growth]
   854 | D:2      | Reached XP level 3. HP: 2/27 MP: 3/3
   855 | D:2      | Succumbed to an adder's poison

Vanquished Creatures
  An adder (D:2)
  2 endoplasms (D:1)
  2 giant cockroaches
  A goblin (D:1)
  5 hobgoblins
  A kobold (D:1)
  2 quokkas (D:1)
  3 ball pythons
  2 bats (D:1)
  2 frilled lizards (D:1)
  A rat (D:1)
22 creatures vanquished.

Table legend: (Time is in decaauts)
 A = Elapsed time spent in this place.
 B = Non-inter-level travel time spent in this place.
 C = Inter-level travel time spent in this place.
 D = Time resting spent in this place.
 E = Time spent auto-exploring this place.
 F = Levels seen in this place.
 G = Mean time per level.
                   A        B        C        D        E       F      G
               +--------+--------+--------+--------+--------+-----+--------+
         Total |    856 |    849 |      7 |     43 |    643 |   2 |  428.0 |
       Dungeon |    856 |    849 |      7 |     43 |    643 |   2 |  428.0 |
               +--------+--------+--------+--------+--------+-----+--------+

Top non-repeatable levels by time:
     D:1: 716 daAuts
     D:2: 139 daAuts

Table legend:
 A = Non-vault XP
 B = Vault XP
 C = Vault XP percentage of total XP
 D = Non-vault monster count
 E = Vault monster count
 F = Vault count percentage of total count
                 A         B        C        D         E       F
            +---------+---------+-------+---------+---------+-------
      Total |      50 |       0 |   0.0 |      22 |       0 |   0.0
            +---------+---------+-------+---------+---------+-------
        D:1 |      30 |       0 |   0.0 |      18 |       0 |   0.0
        D:2 |      20 |       0 |   0.0 |       4 |       0 |   0.0
            +---------+---------+-------+---------+---------+-------
